 Dungeon Crawl Stone Soup version 0.28-a0-850-g09de17f5b5 (webtiles) character file.

Game seed: 9444604667146380545

205530 mandarbmax the Peltast (level 18, -8/174 HPs)
             Began as a Troll Monk on Nov 13, 2021.
             Was the Champion of Okawaru.
             Mangled by a naga (21 damage)
             ... on level 3 of the Snake Pit on Nov 14, 2021.
             The game lasted 01:39:41 (27088 turns).

mandarbmax the Peltast (Troll Monk)                Turns: 27088, Time: 01:39:42

Health: -8/174     AC: 11    Str: 30    XL:     18   Next: 42%
Magic:  23/23      EV: 14    Int: 11    God:    Okawaru [******]
Gold:   4351       SH: 23    Dex: 22    Spells: 9/17 levels left

rFire   + . .      SeeInvis .     - Unarmed
rCold   + . .      Faith    +   S - +2 tower shield {reflect}
rNeg    . . .      Spirit   .   T - +3 troll leather armour {Snorg}
rPois   .          Reflect  +   q - +2 hat {Int+3}
rElec   .          Harm     .   h - scarf {rC+ rF+}
rCorr   .          Rampage  .   (gloves unavailable)
Will    +....                   (boots unavailable)
Stlth   ++........              p - amulet of faith
HPRegen 2.39/turn               N - +6 ring of dexterity
MPRegen 0.18/turn               y - +6 ring of strength

@: lethally poisoned (-8 -> -11), about to teleport, slowed, constricted,
studying Stealth, very slow
A: large, unfitting armour, claws 3, regeneration 1, shaggy fur 1, tough skin 1
a: Renounce Religion, Heroism, Finesse, Duel


You were on level 3 of the Snake Pit.
You worshipped Okawaru.
Okawaru was exalted by your worship.
You visited 5 branches of the dungeon, and saw 27 of its levels.
You also visited: Sewer, Ossuary, Bailey and Ice Cave.

You collected 4533 gold pieces.
You spent 182 gold pieces at shops.

Inventory:

Missiles
 a - 48 boomerangs (quivered)
 o - 59 poisoned darts
 O - 31 large rocks
 R - 2 curare-tipped darts
 U - 6 datura-tipped darts
 X - 6 silver boomerangs
 Y - 3 throwing nets
 Z - 16 javelins
Armour
 h - a scarf of resistance (worn)
 m - a +1 tower shield of poison resistance
 q - a +2 hat of intelligence (worn)
 S - a +2 tower shield of reflection (worn)
 T - a +3 troll leather armour (worn) {Snorg}
Jewellery
 j - the ring "Ziriafichai" {MP+9 Str+3}
   (You found it on level 3 of the Snake Pit)

   [ring of magical power]

   Str:       It affects your strength (+3).
   MP:        It affects your magic capacity (+9).
 n - a ring of see invisible
 p - an amulet of faith (around neck)
 y - a +6 ring of strength (right claw)
 N - a +6 ring of dexterity (left claw)
 Q - a ring of willpower
Wands
 f - a wand of flame (75)
 u - a wand of acid (19)
 v - a wand of mindburst (42)
 C - a wand of polymorph (4)
 K - a wand of paralysis (11)
 M - a wand of iceblast (2)
 P - a wand of digging (18)
Scrolls
 e - 8 scrolls of amnesia
 g - 7 scrolls of fear
 i - 3 scrolls of fog
 k - a scroll of magic mapping
 l - 2 scrolls of immolation
 t - 10 scrolls of teleportation
 w - 5 scrolls of silence
 x - 4 scrolls of blinking
 B - a scroll of holy word
 G - 3 scrolls of vulnerability
 W - a scroll of brand weapon
Potions
 b - 2 potions of lignification
 c - 6 potions of heal wounds
 d - 9 potions of curing
 r - 5 potions of flight
 s - a potion of cancellation
 z - 6 potions of haste
 A - 2 potions of magic
 D - a potion of berserk rage
 E - 3 potions of invisibility
 I - 2 potions of might
 J - 2 potions of resistance
 L - 4 potions of mutation
 V - 6 potions of brilliance
Miscellaneous
 H - a phial of floods


   Skills:
 - Level 10.0 Fighting
 - Level 12.0 Throwing
 - Level 10.0 Dodging
 - Level 1.0 Stealth
 - Level 15.0 Shields
 - Level 14.0 Unarmed Combat
 + Level 6.4 Transmutations
 + Level 7.7 Earth Magic
 - Level 8.0 Invocations
 - Level 10.0 Evocations


You had 9 spell levels left.
You knew the following spells:

 Your Spells              Type           Power      Damage    Failure   Level
a - Wereblood             Tmut           14%        N/A       4%          2
b - Statue Form           Tmut/Erth      10%        N/A       97%         6

Your spell library contained the following spells:

 Spells                   Type           Power      Damage    Failure   Level
 Petrify                  Tmut/Erth      15%        N/A       22%         4
 Magic Dart               Conj           0%         1d3       36%         1
 Pain                     Necr           0%         1d4       36%         1
 Ensorcelled Hibernation  Hex/Ice        0%         N/A       52%         2
 Scorch                   Fire           0%         2d5       52%         2
 Static Discharge         Conj/Air       0%         N/A       52%         2
 Sublimation of Blood     Necr           0%         N/A       52%         2
 Blade Hands              Tmut           7%         N/A       61%         5
 Gell's Gravitas          Tloc           0%         N/A       75%         3
 Mephitic Cloud           Conj/Pois/Air  0%         N/A       75%         3
 Teleport Other           Tloc           0%         N/A       75%         3
 Vampiric Draining        Necr           0%         2d6       75%         3
 Yara's Violent Unravell  Hex/Tmut       3%         3d4       96%         5
 Flame Wave               Conj/Fire      0%         3d3       98%         4
 Passage of Golubria      Tloc           0%         N/A       98%         4
 Lightning Bolt           Conj/Air       0%         1d11      100%        5
 Dispersal                Tloc           0%         N/A       100%        6
 Iron Shot                Conj/Erth      4%         9d2       100%        6
 Maxwell's Capacitive Co  Air            0%         ∞         100%        8
 Animate Skeleton         Necr           Unusable   N/A       N/A         1
 Call Imp                 Summ           Unusable   N/A       N/A         2
 Animate Armour           Summ/Erth      Unusable   N/A       N/A         4
 Tukima's Dance           Hex            Unusable   N/A       N/A         3
 Summon Cactus Giant      Summ           Unusable   N/A       N/A         6
 Summon Hydra             Summ           Unusable   N/A       N/A         7

Dungeon Overview and Level Annotations

Branches:
Dungeon (15/15)            Temple (1/1) D:7            Lair (6/6) D:9
  Swamp (0/4) Lair:4        Snake (3/4) Lair:3        Slime (0/5) Lair:5
    Orc (2/2) D:10            Elf (0/3) Orc:2        Vaults (0/5) D:13
 Depths (0/4) D:15          Sewer (visited)         Ossuary (visited)
 Bailey (visited)           IceCv (visited)

Altars:
Cheibriados
Dithmenos
Elyvilon
Fedhas
Hepliaklqana
Makhleb
Nemelex Xobeh
Okawaru
Ru
Trog
Vehumet
The Shining One
Beogh

Shops:
D:7 *   D:13 (   Orc:1 !   Orc:2 :*([   Snake:1 [*

Annotations:
Lair:1 exclusion: oklob plant
Lair:4 2 transporters, AlleluiaPinecone's ghost, adept HOFi


Innate Abilities, Weirdness & Mutations

You are too large for most types of armour.
You have claws for hands.
Your natural rate of healing is unusually fast.
You are covered in fur. (AC +1)
You have tough skin. (AC +1)


Message History

Your primal bloodlust has ended.
You feel very sick. You block the naga warrior's attack.
The naga warrior constricts you. You block the naga's attack.
The naga warrior hits you with a +0 mace!!
* * * LOW HITPOINT WARNING * * *
The naga warrior constricts you.
* * * LOW HITPOINT WARNING * * *
Unknown command.
Unknown command.
As you read the scroll of teleportation, it crumbles to dust.
You feel strangely unstable.
You feel very sick. You block the naga's attack.
You block the naga warrior's attack. The naga warrior constricts you.
* * * LOW HITPOINT WARNING * * *
Unknown command.
Okay, then.
You scratch the naga warrior.
The naga warrior is almost dead.
You feel sick. You block the naga's attack.
The naga warrior spits poison at you. The splash of poison hits you!
You are more poisoned.
You have difficulty breathing.
* * * LOW HITPOINT WARNING * * *
You feel as though you will be slow longer.
* * * LOW HITPOINT WARNING * * *
The naga warrior constricts you.
* * * LOW HITPOINT WARNING * * *
Unknown command.
You feel much better.
You feel extremely sick. You block the naga's attack.
The naga warrior hits you with a +0 mace!
* * * LOW HITPOINT WARNING * * *
The naga warrior constricts you.
* * * LOW HITPOINT WARNING * * *
The naga hits you from afar with a +0 trident!!
You die...

### ##... #.###.... ##........
#..# ##..#...... ###...###
####.###...... #....>...# ###
##....###...... ..... #..###.##
#.............. ....#
#.....N####.............. ....#
#....NN@................ ....#
##...N##...............) ....##
##...####............... .....##
##....###..............<.
......###........................
................)..............).
.............(..)................
................)................
...............).................


You could see a naga warrior (curare, catching breath), a naga mage (fast) and 2
nagas.

Vanquished Creatures
  Rupert (D:12)
  Frances (D:14)
  A nagaraja (Snake:2)
  The ghost of Ruqebled the Thaumaturge, a journeyman DjFE of Gozag (D:15)
  An ironbound preserver (D:13)
  2 orc warlords
  A minotaur (Lair:3)
  Snorg (Lair:3)
  2 fire dragons
  9 naga warriors
  Harold (Lair:2)
  The ghost of Lenagic the Cleaver, a journeyman VSBe of Trog (Lair:3)
  Fannar (Lair:1)
  9 hydras
  3 boulder beetles
  2 salamander tyrants
  The ghost of pdpol the Prestidigitator, a journeyman GrEE of Vehumet (D:9)
  2 catoblepae
  5 centaur warriors
  2 ironbound frosthearts (IceCv)
  11 anacondas
  2 death knights
  6 two-headed ogres
  19 death yaks
  2 tengu warriors (D:13)
  5 orc high priests
  2 naga sharpshooters (Snake:3)
  Nergalle (Lair:1)
  6 shock serpents
  A deep elf knight (D:15)
  2 salamander mystics
  A deep elf archer (D:15)
  A sea snake (Snake:1)
  A phantasmal warrior (D:11)
  2 lindwurms
  8 orc knights
  3 deep elf zephyrmancers (D:15)
  A necromancer (D:15)
  7 naga ritualists
  8 orc sorcerers
  2 oklob plants (Lair:5)
  18 ugly things
  5 deep elf pyromancers
  9 mana vipers
  7 cyclopes
  34 elephants
  6 manticores
  4 guardian serpents
  6 salamanders
  An ice statue (IceCv)
  Joseph (D:7)
  A torpor snail (Lair:6)
  46 black mambas
  2 molten gargoyles (Lair:6)
  A gargoyle (D:12)
  11 cane toads
  An unseen horror (D:12)
  8 naga magi
  Psyche (D:8)
  A centaur skeleton (D:15)
  A rime drake (Lair:4)
  An efreet (D:15)
  11 komodo dragons
  2 tengu conjurers
  A queen bee (D:13)
  A hornet (D:9)
  3 meliai (D:13)
  10 trolls
  14 polar bears
  Grinder (D:3)
  11 blink frogs
  14 slime creatures
  7 dream sheep (Lair:5)
  Sigmund (D:3)
  5 wraiths
  2 shadows
  70 yaks
  13 wyverns
  A vampire (D:10)
  5 basilisks
  Grum (Lair:1)
  5 steam dragons
  2 acid dragons
  10 vampire mosquitoes
  7 wargs
  22 nagas
  3 swamp worms (D:8)
  23 water moccasins
  4 hell hounds (Lair:6)
  32 orc warriors
  4 sky beasts
  9 black bears
  A hornet zombie (D:7)
  A necrophage (D:5)
  2 ice beasts (D:7)
  14 ogres
  7 centaurs
  29 wolves
  A kobold brigand (D:8)
  16 bullfrogs
  2 gnoll sergeants
  2 wyvern zombies (Ossuary)
  A scorpion (Lair:3)
  2 water moccasin zombies (Ossuary)
  18 killer bees
  8 wights
  4 electric eels
  4 howler monkeys
  5 jellies
  4 lava snakes (Lair:6)
  4 bullfrog zombies
  13 centaur zombies
  5 hounds
  11 mummies (Ossuary)
  13 orc priests
  A bullfrog skeleton (D:6)
  An iguana (D:5)
  25 orc wizards
  Terence (D:3)
  3 killer bee zombies
  A hound zombie (D:5)
  2 hound skeletons
  Robin (D:2)
  6 howler monkey zombies
  15 gnolls
  A howler monkey skeleton (D:7)
  9 adders
  4 river rats
  15 white imps
  An ufetubus (D:5)
  An adder skeleton (D:5)
  4 worms
  A dart slug (D:2)
  68 orcs
  8 ball pythons
  5 bats
  3 endoplasms
  8 giant cockroaches
  17 goblins
  10 hobgoblins
  4 jackals
  8 quokkas
  9 frilled lizards
  23 kobolds
  10 rats
1029 creatures vanquished.

Vanquished Creatures (others)
  A necrophage (D:8)
  An orc wizard (D:8)
  An orc (Orc:1)
  35 fungi
  48 plants
  5 withered plants (Ossuary)
91 creatures vanquished.

Grand Total: 1120 creatures vanquished

Notes
Turn   | Place    | Note
-------+----------+-------------------------------------------
     0 | D:1      | mandarbmax the Troll Monk began the quest for the Orb.
     0 | D:1      | Reached XP level 1. HP: 22/22 MP: 0/0
   363 | D:1      | Reached XP level 2. HP: 29/29 MP: 1/1
   624 | D:2      | Noticed Robin
   643 | D:2      | Identified 3 scrolls of acquirement
   643 | D:2      | Acquired a scarf of resistance
   644 | D:2      | Acquired 625 gold pieces
   645 | D:2      | Acquired a manual of Stealth
   661 | D:2      | Reached XP level 3. HP: 36/36 MP: 2/2
   665 | D:2      | Reached skill level 1 in Shields
   675 | D:2      | Killed Robin
  1093 | D:3      | Reached XP level 4. HP: 44/44 MP: 3/3
  1207 | D:3      | Noticed Sigmund
  1220 | D:3      | Killed Sigmund
  1221 | D:3      | Reached skill level 2 in Shields
  1221 | D:3      | Reached XP level 5. HP: 30/53 MP: 4/4
  1479 | D:3      | Reached skill level 3 in Shields
  1483 | D:3      | Reached XP level 6. HP: 54/61 MP: 5/5
  1578 | D:3      | Noticed Grinder
  1592 | D:3      | Killed Grinder
  1593 | D:3      | Reached skill level 5 in Unarmed Combat
  1663 | D:3      | Noticed Terence
  1677 | D:3      | Killed Terence
  1930 | D:3      | Found a blossoming altar of Fedhas.
  1957 | D:4      | Reached XP level 7. HP: 67/67 MP: 6/6
  2004 | D:4      | Reached skill level 4 in Shields
  2112 | D:4      | Found a glowing drain.
  2137 | Sewer    | Entered a sewer
  2816 | D:4      | Reached skill level 5 in Shields
  3042 | D:4      | Found a hazy altar of Hepliaklqana.
  3048 | D:4      | Found a shadowy altar of Dithmenos.
  3048 | D:4      | Noticed a shadow
  3124 | D:5      | Entered Level 5 of the Dungeon
  3155 | D:5      | Reached XP level 8. HP: 48/75 MP: 7/7
  3584 | D:5      | Found a sparkling altar of Nemelex Xobeh.
  4034 | D:6      | Reached skill level 6 in Shields
  4191 | D:6      | Found a sand-covered staircase.
  4207 | Ossuary  | Entered an ossuary
  4225 | Ossuary  | Reached XP level 9. HP: 81/81 MP: 8/8
  4334 | Ossuary  | Reached skill level 7 in Shields
  4368 | Ossuary  | Acquired a manual of Shields
  4556 | D:6      | Reached skill level 8 in Shields
  4949 | D:6      | Reached skill level 10 in Unarmed Combat
  5126 | D:7      | Reached skill level 9 in Shields
  5271 | D:7      | Noticed Joseph
  5274 | D:7      | Found Kycoefi's Gadget Gallery.
  5308 | D:7      | Found a staircase to the Ecumenical Temple.
  5317 | Temple   | Entered the Ecumenical Temple
  5338 | Temple   | Became a worshipper of Warmaster Okawaru
  5338 | Temple   | Reached * piety under Okawaru
  5338 | Temple   | Reached ** piety under Okawaru
  5601 | D:7      | Found a glowing golden altar of the Shining One.
  5610 | D:7      | Reached XP level 10. HP: 91/91 MP: 9/9
  5643 | D:7      | Found a sacrificial altar of Ru.
  5700 | D:7      | Killed Joseph
  5700 | D:7      | Reached *** piety under Okawaru
  5836 | D:7      | Acquired a manual of Evocations
  5874 | D:7      | Reached skill level 10 in Shields
  6176 | D:8      | Noticed Psyche
  6185 | D:8      | Killed Psyche
  6186 | D:8      | Reached skill level 1 in Evocations
  6382 | D:8      | Identified the +6 rapier of Oily Exoneration {drain, Int+3}
  6755 | D:8      | Reached **** piety under Okawaru
  7000 | D:8      | Reached skill level 11 in Shields
  7056 | D:8      | Noticed a two-headed ogre
  7067 | D:8      | Killed a two-headed ogre
  7067 | D:8      | Reached ***** piety under Okawaru
  7068 | D:8      | Reached skill level 5 in Evocations
  7068 | D:8      | Reached XP level 11. HP: 38/97 MP: 10/10
  7195 | D:8      | Noticed a centaur warrior
  7205 | D:8      | Killed a centaur warrior
  7205 | D:8      | Received a gift from Okawaru
  7297 | D:8      | Learned a level 2 spell: Wereblood
  7299 | D:8      | Reached skill level 12 in Shields
  7387 | D:8      | Noticed a two-headed ogre
  7393 | D:8      | Noticed a red ugly thing
  7402 | D:8      | Noticed a brown ugly thing
  7403 | D:8      | Killed a two-headed ogre
  7406 | D:8      | Noticed a green ugly thing
  7413 | D:8      | Killed a brown ugly thing
  7419 | D:8      | Noticed a seven-headed hydra
  7420 | D:8      | Reached skill level 1 in Invocations
  7428 | D:8      | Killed a green ugly thing
  7433 | D:8      | Killed an eight-headed hydra
  7437 | D:8      | Killed a red ugly thing
  7440 | D:8      | Found the +8 frozen axe "Frostbite" {freezing cloud, *Noise
                  | Fly rC+}
  7463 | D:8      | Got the Catalogue of Floating Stones
  7490 | D:8      | Learned a level 6 spell: Statue Form
  7770 | D:9      | Received a gift from Okawaru
  7776 | D:9      | Noticed a death yak
  7787 | D:9      | Killed a death yak
  7788 | D:9      | Reached skill level 13 in Shields
  7792 | D:9      | Noticed a death yak
  7793 | D:9      | Noticed a death yak
  7796 | D:9      | Found a staircase to the Lair.
  7803 | D:9      | Killed a death yak
  7812 | D:9      | Killed a death yak
  7813 | D:9      | Reached XP level 12. HP: 105/105 MP: 13/13
  8138 | D:9      | Found a large runed translucent door.
  8138 | D:9      | Found a large runed translucent door.
  8142 | D:9      | Noticed pdpol's ghost (journeyman GrEE)
  8177 | D:9      | Killed pdpol's ghost
  8261 | D:9      | Found a bloodstained altar of Trog.
  8271 | D:9      | Paralysed by a hornet for 1 turns
  8579 | D:10     | Entered Level 10 of the Dungeon
  8633 | D:10     | Noticed a boulder beetle
  8645 | D:10     | Killed a boulder beetle
  8854 | D:10     | Identified the +3 shortbow "Troll's Doom" {venom, Int+5
                  | Dex+4}
  8962 | D:10     | Reached skill level 5 in Invocations
  9032 | D:10     | Noticed a two-headed ogre
  9048 | D:10     | Killed a two-headed ogre
  9260 | D:10     | Found a staircase to the Orcish Mines.
  9372 | D:11     | Noticed a two-headed ogre
  9374 | D:11     | Found a frozen archway.
  9403 | D:11     | Killed a two-headed ogre
  9442 | IceCv    | Entered an ice cave
  9534 | IceCv    | Received a gift from Okawaru
  9559 | IceCv    | Reached skill level 10 in Evocations
  9810 | IceCv    | Reached ****** piety under Okawaru
  9825 | IceCv    | Received a gift from Okawaru
  9872 | IceCv    | Noticed a death yak
  9872 | IceCv    | Noticed a death yak
  9886 | IceCv    | Killed a death yak
  9892 | IceCv    | Killed a death yak
  9966 | IceCv    | Noticed a death yak
  9976 | IceCv    | Killed a death yak
  9977 | IceCv    | Reached XP level 13. HP: 113/114 MP: 16/16
  9986 | IceCv    | Reached skill level 14 in Shields
 10087 | IceCv    | Received a gift from Okawaru
 10125 | IceCv    | Received a gift from Okawaru
 10496 | D:11     | Acquired 1009 gold pieces
 10581 | D:11     | Reached skill level 5 in Fighting
 10709 | D:11     | Reached skill level 5 in Dodging
 10980 | D:11     | Found the +8 autumn katana {vorpal, Clar}
 11404 | Lair:1   | Entered Level 1 of the Lair of Beasts
 11509 | Lair:1   | Noticed Nergalle
 11522 | Lair:1   | Killed Nergalle
 11529 | Lair:1   | Noticed Fannar
 11558 | Lair:1   | Killed Fannar
 11759 | Lair:1   | Identified the +2 hand crossbow "Loopy" {vorpal, SInv}
                  | (Okawaru gifted it to you on level 1 of the Lair of Beasts)
 11759 | Lair:1   | Received a gift from Okawaru
 11813 | Lair:1   | Noticed Grum
 11840 | Lair:1   | Killed Grum
 12398 | Arena    | Entered the Arena
 12483 | Lair:2   | Reached XP level 14. HP: 131/131 MP: 19/19
 12493 | Lair:2   | Noticed Harold
 12514 | Lair:2   | Killed Harold
 13227 | Lair:3   | Identified the +1 robe of the Fife {rC- Dex+5} (Okawaru
                  | gifted it to you on level 3 of the Lair of Beasts)
 13227 | Lair:3   | Received a gift from Okawaru
 13398 | Lair:3   | Noticed Lenagic's ghost (journeyman VSBe)
 13523 | Lair:3   | Found a staircase to the Snake Pit.
 13561 | Lair:3   | Noticed Snorg
 13582 | Lair:3   | Killed Snorg
 13805 | Lair:3   | Found a runed translucent gate.
 13805 | Lair:3   | Found a runed translucent gate.
 13807 | Lair:3   | Found a runed translucent gate.
 13937 | Lair:3   | Acquired a +1 hat of intelligence
 14322 | Lair:3   | Reached skill level 15 in Shields
 14334 | Lair:3   | Killed Lenagic's ghost
 14437 | Lair:4   | Reached skill level 1 in Throwing
 14750 | Lair:4   | Found a staircase to the Swamp.
 14780 | Lair:4   | Received a gift from Okawaru
 14855 | Lair:4   | Received a gift from Okawaru
 14912 | Lair:4   | Noticed AlleluiaPinecone's ghost (adept HOFi)
 14914 | Lair:4   | Found a transporter.
 14931 | Lair:4   | Found a bloodstained altar of Trog.
 14975 | Lair:4   | Found a transporter.
 15301 | Lair:4   | Found the +8 whip "Snakebite" {venom, curare, rPois}
 15585 | Lair:5   | Received a gift from Okawaru
 15588 | Lair:5   | Reached skill level 5 in Throwing
 15840 | Lair:5   | Reached XP level 15. HP: 132/143 MP: 20/20
 15866 | Lair:5   | Received a gift from Okawaru
 16242 | Lair:5   | You fall into a shaft and drop 1 floor!
 16242 | Lair:6   | Entered Level 6 of the Lair of Beasts
 16462 | Lair:5   | Found a staircase to the Slime Pits.
 16686 | Lair:6   | Received a gift from Okawaru
 17059 | Lair:6   | Found a large runed translucent door.
 17059 | Lair:6   | Found a large runed translucent door.
 17204 | Lair:6   | Received a gift from Okawaru
 17660 | Lair:6   | Received a gift from Okawaru
 18426 | Orc:1    | Entered Level 1 of the Orcish Mines
 18451 | Orc:1    | Received a gift from Okawaru
 18454 | Orc:1    | Found Atep's Distillery.
 18471 | Orc:1    | Paralysed by an orc sorcerer for 6 turns
 18485 | Orc:1    | Paralysed by an orc sorcerer for 4 turns
 18490 | Arena    | Entered the Arena
 18577 | Orc:1    | Found a flagged portal.
 18584 | Orc:1    | Identified the +8 hand axe of the Slicing Big Fish {speed,
                  | Will+}
 18587 | Bailey   | Entered a bailey
 18592 | Bailey   | Noticed an orc warlord
 18654 | Bailey   | Found a runed translucent gate.
 18657 | Bailey   | Found a runed translucent gate.
 18658 | Bailey   | Found a runed translucent gate.
 18836 | Bailey   | Killed an orc warlord
 18851 | Bailey   | Reached XP level 16. HP: 150/150 MP: 21/21
 19012 | Orc:1    | Bought a potion of cancellation for 112 gold pieces
 19012 | Orc:1    | Bought a potion of berserk rage for 70 gold pieces
 19328 | Orc:2    | Entered Level 2 of the Orcish Mines
 19404 | Orc:2    | Found Vearphuost's Antique Armour Shop.
 19512 | Orc:2    | Found a staircase to the Elven Halls.
 19643 | Orc:2    | Found Ytsih's Book Shoppe.
 19688 | Orc:2    | Found Laeri's Antique Weapon Shop.
 19763 | Orc:2    | Found Miunenwi's General Store.
 19765 | Orc:2    | Received a gift from Okawaru
 20432 | D:12     | Noticed Rupert
 20443 | D:12     | Killed Rupert
 20444 | D:12     | Reached XP level 17. HP: 160/163 MP: 14/22
 20939 | D:13     | Found Gilobrod's Antique Weapon Emporium.
 21753 | D:13     | Found a gate to the Vaults.
 22301 | D:14     | Identified the +4 double sword of Poykh {vorpal, rPois rF-
                  | rCorr Str-2} (Okawaru gifted it to you on level 14 of the
                  | Dungeon)
 22301 | D:14     | Received a gift from Okawaru
 22368 | D:14     | Reached skill level 10 in Fighting
 22380 | D:14     | Noticed Frances
 22392 | D:14     | Killed Frances
 22393 | D:14     | Reached skill level 10 in Dodging
 22731 | D:15     | Entered Level 15 of the Dungeon
 22979 | D:15     | Received a gift from Okawaru
 23189 | D:15     | Found a sparkling altar of Nemelex Xobeh.
 23416 | D:15     | Found a runed translucent gate.
 23416 | D:15     | Identified the +1 plate armour of Vehumet's Hatred {Rampage
                  | Int+2}
 23417 | D:15     | Found a runed translucent gate.
 23418 | D:15     | Found a runed translucent gate.
 23418 | D:15     | Noticed Ruqebled's ghost (journeyman DjFE)
 23583 | D:15     | Found a staircase to the Depths.
 23611 | D:15     | Reached skill level 1 in Earth Magic
 23715 | D:15     | Reached skill level 1 in Transmutations
 23745 | D:15     | Killed Ruqebled's ghost
 24096 | Snake:1  | Entered Level 1 of the Snake Pit
 24097 | Snake:1  | Acquired a +1 tower shield of poison resistance
 24250 | Snake:1  | Received a gift from Okawaru
 24756 | Snake:1  | Found Zugiko's General Store.
 24756 | Snake:1  | Found Guzat's Antique Armour Emporium.
 25651 | Snake:2  | Reached skill level 5 in Earth Magic
 25727 | Snake:2  | Reached XP level 18. HP: 49/174 MP: 13/23
 26161 | Snake:2  | Reached skill level 5 in Transmutations
 26204 | Snake:2  | Received a gift from Okawaru
 26594 | Snake:2  | Identified the +1 robe of the King of the Hill {+Inv rC++
                  | Regen+ Slay-4} (Okawaru gifted it to you on level 2 of the
                  | Snake Pit)
 26594 | Snake:2  | Received a gift from Okawaru
 27004 | Snake:3  | Identified the ring "Ziriafichai" {MP+9 Str+3}
 27088 | Snake:3  | Mangled by a naga

Illustrated notes

Levels and vault maps discovered:
D:1:      dpeg_arrival_rhombus, layout_rooms
D:2:      layout_rooms, minmay_joined_circles, uniq_robin
D:3:      layout_basic, fedhas_altar_4, grunt_ministairs_8, amethyst_killhole,
          minmay_misc_feat_doors, uniq_grinder, uniq_sigmund, uniq_terence
D:4:      layout_basic, riverfiend_overflow_shadow_ancestor,
          portal_sewer_entry_b
D:5:      layout_gridville, general_overflow_altar
D:6:      layout_basic, lightli_ossuary_entry_decrepit_ruins
D:7:      layout_cave_pods, mainiacjoe_overflow_two_lobes,
          minmay_temple_entry_statues_fountains, nicolae_shop_gadgets,
          uniq_joseph
D:8:      minmay_the_grid_octo_tiled_octocenter
          [minmay_the_grid_octo_thin_diamonds, minmay_the_grid_octo_checkered,
          minmay_the_grid_octo_horde, minmay_the_grid_octo_checkerflower,
          minmay_the_grid_octo_prize_big_c, minmay_the_grid_square_5x5_shuriken,
          minmay_the_grid_square_5x5_misaligned,
          minmay_the_grid_square_5x5_minivault, minmay_the_grid_square_5x5_n],
          layout_loops_corners, worms_lemuel, uniq_psyche
D:9:      layout_roguey, mainiacjoe_overflow_small_starburst,
          dpeg_lair_monsters, ebering_ghost_disaster_area, minivault_26,
          evilmike_minifort
D:10:     layout_long_grid, orc_0_dummy
D:11:     layout_basic, portal_ice_cave_entry_imps,
          minmay_fractal_squares_diagonal_5
D:12:     layout_gridville, uniq_rupert
D:13:     layout_irregular_city, skrybe_vaults_entry_preservation, serial_shops,
          nicolae_shop_temple_entry_statues_fountains,
          nicolae_looking_at_the_future
D:14:     layout_roguey, infiniplex_staircase_trident, uniq_frances
D:15:     grunt_enter_depths_magical_seal, layout_irregular_city,
          biasface_ghost_orc_armoury, nemelex_diamond_rough_becter
Temple:   regret_index_temple_waves
Lair:1:   dpeg_oklob_gauntlet, layout_chaotic_city, beast_lair_carwin_8,
          grunt_megastairs_3, uniq_nergalle, uniq_fannar, uniq_grum
Lair:2:   layout_misc_corridors, uniq_harold
Lair:3:   layout_cave_pods, guppyfry_snake_entry_garden,
          maelrawn_ghost_gauntlet_escape, infiniplex_staircase_pool,
          serial_bayou_shore_b, serial_bayou_shore_a, uniq_snorg
Lair:4:   minmay_guarded_unrand_snakebite, layout_loops_ring, swamp_mist,
          gammafunk_ghost_wrathful_warriors
Lair:5:   layout_regular_city, minmay_slime_entry_oklob_open
Lair:6:   cheibrodos_lair_end_hotspot, layout_layer_cave, minivault_24
Snake:1:  layout_chambers, nicolae_snake_bzzzt, minmay_shoptagon
Snake:2:  layout_rooms, hangedman_snake_sidewinding, grunt_megastairs_2
Snake:3:  layout_cave_shapes
Orc:1:    layout_caves, enter_bailey_2, serial_shops, shop, basic_altar,
          nicolae_orc_lost_temple
Orc:2:    grunt_orc_gardens, layout_diamond_mine, grunt_orc_garden,
          grunt_orc_garden, grunt_orc_garden, grunt_orc_garden,
          nicolae_orc_flooded_monolith

Skill      XL: |  1  2  3  4  5  6  7  8  9 10 11 12 13 14 15 16 17 18 |
---------------+-------------------------------------------------------+-----
Shields        | 1 2 3 5 6 9 11 13 14 15 | 15.0
Fighting       | 3 4 6 8 9 10 | 10.0
Dodging        | 3 4 6 8 9 10 | 10.0
Unarmed Combat | 4 5 6 8 10 11 12 14 | 14.0
Evocations     | 5 8 10 | 10.0
Invocations    | 3 6 8 |  8.0
Throwing       | 6 11 12 | 12.0
Earth Magic    | 5 7 |  7.7
Transmutations | 4 6 |  6.4
Stealth        | |  1.0

Action                   |  1- 3 |  4- 6 |  7- 9 | 10-12 | 13-15 | 16-18 || total
-------------------------+-------+-------+-------+-------+-------+-------++-------
Melee: Unarmed           |   110 |    70 |   399 |   676 |  1252 |  1070 ||  3577
Throw: Dart              |       |    15 |    51 |    78 |    48 |    15 ||   207
       Boomerang         |       |       |     2 |     2 |   111 |   174 ||   289
       Large rock        |       |       |       |     8 |    49 |    64 ||   121
       Javelin           |       |       |       |       |    19 |    42 ||    61
 Cast: Wereblood         |       |       |       |       |       |    25 ||    25
Invok: Heroism           |       |       |       |     9 |    12 |     7 ||    28
       Finesse           |       |       |       |     2 |     4 |     3 ||     9
       Duel              |       |       |       |       |     2 |       ||     2
Evoke: Wand              |       |       |       |     7 |     3 |    14 ||    24
       Phial of floods   |       |       |       |       |       |     1 ||     1
  Use: Scroll            |     8 |       |    11 |     4 |    19 |     6 ||    48
       Potion            |       |       |       |     1 |     3 |     3 ||     7
 Stab: Sleeping          |     1 |     1 |     3 |     2 |     4 |     2 ||    13
       Distracted        |       |       |     1 |     1 |     1 |       ||     3
Armor: Robe              |    34 |    12 |    91 |    53 |       |       ||   190
       Skin              |       |       |       |     5 |       |     6 ||    11
       Steam dragon scal |       |       |       |    68 |       |       ||    68
       Ice dragon scales |       |       |       |     9 |    95 |       ||   104
       Troll leather arm |       |       |       |       |    84 |    84 ||   168
Dodge: Dodged            |    37 |    16 |   119 |   145 |   266 |   303 ||   886
Block: Kite shield       |    33 |    19 |   177 |   118 |       |       ||   347
       Tower shield      |       |       |       |   365 |  1219 |  1095 ||  2679
       Reflection        |       |       |       |       |       |    27 ||    27

Table legend: (Time is in decaauts)
 A = Elapsed time spent in this place.
 B = Non-inter-level travel time spent in this place.
 C = Inter-level travel time spent in this place.
 D = Time resting spent in this place.
 E = Time spent auto-exploring this place.
 F = Levels seen in this place.
 G = Mean time per level.
                   A        B        C        D        E       F      G
               +--------+--------+--------+--------+--------+-----+--------+
         Total |  26551 |  24901 |   1650 |    840 |  17268 |  33 |  804.6 |
       Dungeon |  13505 |  12477 |   1028 |    292 |   8975 |  15 |  900.3 |
        Temple |     40 |     21 |     19 |      0 |     14 |   1 |   40.0 |
          Lair |   6812 |   6330 |    482 |    176 |   4619 |   6 | 1135.3 |
     Snake Pit |   2887 |   2807 |     80 |    299 |   1760 |   3 |  962.3 |
  Orcish Mines |   1231 |   1192 |     39 |      0 |    809 |   2 |  615.5 |
         Sewer |    530 |    530 |      0 |      0 |    336 |   1 |  530.0 |
       Ossuary |    295 |    295 |      0 |      0 |    147 |   1 |  295.0 |
        Bailey |    266 |    266 |      0 |      0 |    147 |   1 |  266.0 |
      Ice Cave |    895 |    895 |      0 |     15 |    460 |   1 |  895.0 |
         Arena |     86 |     86 |      0 |     57 |      0 |   2 |   43.0 |
               +--------+--------+--------+--------+--------+-----+--------+

Top non-repeatable levels by time:
  Lair:6: 1634 daAuts
     D:8: 1522 daAuts
 Snake:1: 1321 daAuts
  Lair:3: 1215 daAuts
 Snake:2: 1123 daAuts
  Lair:4: 1100 daAuts
    D:11: 1070 daAuts
    D:15: 1054 daAuts
     D:7: 1001 daAuts
     D:3: 987 daAuts
  Lair:5: 979 daAuts
  Lair:2: 953 daAuts
    D:13: 938 daAuts
    D:12: 932 daAuts
  Lair:1: 929 daAuts
